 Dungeon Crawl Stone Soup version 0.28-a0-893-g5e322aebe8 (webtiles) character file.

Game seed: 5825758288962684734

160854 Htamos the Executioner (level 17, -38/172 HPs)
             Began as a Hill Orc Fighter on Nov 22, 2021.
             Was the Champion of the Shining One.
             Killed from afar by a deep elf annihilator (74 damage)
             ... with a crystal spear
             ... on level 3 of the Elven Halls.
             The game lasted 01:10:31 (26017 turns).

Htamos the Executioner (Hill Orc Fighter)          Turns: 26017, Time: 01:10:32

Health: -38/172    AC: 34    Str: 15    XL:     17   Next: 77%
Magic:  27/27      EV:  7    Int:  4    God:    the Shining One [******]
Gold:   639        SH: 18    Dex: 18    Spells: 16/16 levels left

rFire   + . .      SeeInvis .   o - +3 broad axe (venom)
rCold   + + +      Faith    .   T - +4 kite shield of Understanding {Drain rF+ rC+ rN+}
rNeg    + + +      Spirit   .   c - +7 plate armour {rC+}
rPois   +          Reflect  .   i - +1 helmet
rElec   .          Harm     .   P - +0 cloak
rCorr   .          Rampage  .   M - +2 pair of gloves
Will    ++...                   E - +2 pair of boots
Stlth   ..........              W - amulet of regeneration
HPRegen 1.38/turn               R - ring of protection from cold
MPRegen 0.20/turn               d - ring of Division {rPois Will+ Str-2 Dex+3 Slay+5}

@: glowing, studying Shields
A: dopey 2, screaming 1, weak 2, sturdy frame 1
a: Renounce Religion, Divine Shield, Cleansing Flame, Summon Divine Warrior,
Brand Weapon With Holy Wrath


You were on level 3 of the Elven Halls.
You worshipped the Shining One.
The Shining One was exalted by your worship.
You visited 5 branches of the dungeon, and saw 23 of its levels.
You visited the Abyss 1 time.
You also visited: Sewer, Ossuary, Bailey and Ice Cave.

You collected 2318 gold pieces.
You spent 1679 gold pieces at shops.

Inventory:

Hand Weapons
 a - a +3 demon trident of flaming
 o - a +3 broad axe of venom (weapon)
 q - a +4 dagger of venom
 y - a +0 broad axe of draining
 F - a +2 bardiche of holy wrath
 G - a +0 battleaxe of electrocution
 Y - a +1 long sword of flaming
Missiles
 k - 8 datura-tipped darts (quivered)
Armour
 c - a +7 plate armour of cold resistance (worn)
 i - a +1 helmet (worn)
 r - a +2 plate armour of cold resistance
 v - the +1 cloak of Nihilism {Contam Str+6 Dex+5}
   (You found it on level 2 of the Elven Halls)

   Str:       It affects your strength (+6).
   Dex:       It affects your dexterity (+5).
   Contam:    It causes magical contamination when unequipped.
 x - a +0 leather armour of cold resistance
 E - a +2 pair of boots (worn)
 M - a +2 pair of gloves (worn)
 P - a +0 cloak (worn)
 T - the +4 kite shield of Understanding (worn) {Drain rF+ rC+ rN+}
   (You acquired it in a bailey)

   rF:        It protects you from fire.
   rC:        It protects you from cold.
   rN:        It protects you from negative energy.
   Drain:     It drains your maximum health when unequipped.
 V - the +3 salamander hide armour {Flames rF++ rC--}
   (You took it off a deep elf master archer on level 3 of the Elven Halls)

   It surrounds you with a cloud of flames.
   It grants immunity to clouds of flame.
   It enhances your fire magic.
   rF:        It greatly protects you from fire.
   rC:        It makes you very vulnerable to cold.
Jewellery
 b - the amulet of Dishonesty {Faith rC+ Int-5 Dex+6}
   (You took it off a deep elf death mage on level 3 of the Elven Halls)

   [amulet of faith]

   It allows you to gain divine favour quickly.
   Int:       It affects your intelligence (-5).
   Dex:       It affects your dexterity (+6).
   rC:        It protects you from cold.
 d - the ring of Division (right hand) {rPois Will+ Str-2 Dex+3 Slay+5}
   (You found it in an ice cave)

   [ring of poison resistance]

   Str:       It affects your strength (-2).
   Dex:       It affects your dexterity (+3).
   Slay:      It affects your accuracy & damage with ranged weapons and melee
   (+5).
   rPois:     It protects you from poison.
   Will:      It increases your willpower.
 h - a +6 ring of strength
 j - a ring of protection from cold
 u - a ring of see invisible
 A - a ring of positive energy
 D - a ring of positive energy
 H - a ring of poison resistance
 R - a ring of protection from cold (left hand)
 S - a ring of protection from fire
 W - an amulet of regeneration (around neck)
Wands
 g - a wand of iceblast (14)
 p - a wand of polymorph (3)
 s - a wand of flame (5)
 K - a wand of paralysis (4)
 N - a wand of digging (5)
 O - a wand of charming (6)
Scrolls
 t - 2 scrolls of amnesia
 w - 8 scrolls of fog
 B - 2 scrolls of magic mapping
 X - 11 scrolls of identify {@rr}
Potions
 e - 4 potions of flight
 l - 5 potions of lignification
 m - a potion of might
 n - 5 potions of brilliance
 z - a potion of curing {@qc}
 C - 3 potions of haste
 I - 5 potions of magic
 J - 2 potions of cancellation
 L - 8 potions of ambrosia
Miscellaneous
 f - a lightning rod (4/4)
 Q - a phantom mirror (inert)
 U - a box of beasts


   Skills:
 * Level 20.6 Fighting
 * Level 24.2 Axes
 + Level 13.6 Armour
 + Level 15.7 Shields
 + Level 13.9 Invocations


You had 16 spell levels left.
You didn't know any spells.
Your spell library contained the following spells:

 Spells                   Type           Power      Damage    Failure   Level
 Foxfire                  Conj/Fire      0%         2x1d4     100%        1
 Call Imp                 Summ           0%         N/A       100%        2
 Conjure Flame            Conj/Fire      0%         6-21      100%        3
 Dazzling Flash           Conj/Hex       0%         N/A       100%        3
 Inner Flame              Hex/Fire       0%         N/A       100%        3
 Portal Projectile        Hex/Tloc       0%         N/A       100%        3
 Tukima's Dance           Hex            0%         N/A       100%        3
 Flame Wave               Conj/Fire      0%         3d3       100%        4
 Iskenderun's Mystic Bla  Conj/Tloc      0%         2d3       100%        4
 Passage of Golubria      Tloc           0%         N/A       100%        4
 Alistair's Intoxication  Tmut/Pois      0%         N/A       100%        5
 Blade Hands              Tmut           0%         N/A       100%        5
 Borgnjor's Vile Clutch   Necr/Erth      0%         N/A       100%        5
 Excruciating Wounds      Necr           0%         N/A       100%        5
 Irradiate                Conj/Tmut      0%         3d13      100%        5
 Iskenderun's Battlesphe  Conj           0%         2d6       100%        5
 Lee's Rapid Deconstruct  Erth           0%         3d5*      100%        5
 Silence                  Hex/Air        0%         N/A       100%        5
 Yara's Violent Unravell  Hex/Tmut       0%         3d3       100%        5
 Dispersal                Tloc           0%         N/A       100%        6
 Eringya's Noxious Bog    Tmut/Pois      0%         N/A       100%        6
 Starburst                Conj/Fire      0%         6d3       100%        6
 Disjunction              Tloc           0%         N/A       100%        8
 Lehudib's Crystal Spear  Conj/Erth      0%         10d2      100%        8
 Dragon's Call            Summ           0%         N/A       100%        9


Dungeon Overview and Level Annotations

Branches:
Dungeon (12/15)            Temple (1/1) D:6            Lair (5/6) D:8
 Shoals (0/4) Lair:2       Spider (0/4) Lair:3        Slime (0/5) Lair:5
    Orc (2/2) D:11            Elf (3/3) Orc:2         Sewer (visited)
Ossuary (visited)          Bailey (visited)           IceCv (visited)

Altars:
Ashenzari
Cheibriados
Dithmenos
Kikubaaqudgha
Nemelex Xobeh
Qazlal
Sif Muna
Trog
Vehumet
Xom
Yredelemnul
Zin
The Shining One
Beogh
Jiyva

Shops:
D:6 :   D:9 (   D:10 =   Orc:2 [[(?

Annotations:
D:9 2 transporters
Lair:2 2 transporters, bgiannan's ghost, journeyman HOFi
Lair:4 1 runed translucent door
Elf:3 Bai Suzhen


Innate Abilities, Weirdness & Mutations

You are very dopey. (Int -4)
You occasionally shout uncontrollably at your foes.
You are very weak. (Str -4)
Your movements are slightly less encumbered by armour. (ER -2)


Message History

The deep elf death mage gestures at you while chanting.
The bolt of negative energy hits you but does no damage.
You resist.
You slash the deep elf annihilator!
The deep elf annihilator looks as sick as possible!
The deep elf annihilator is almost dead.
You slash the deep elf death mage!
The deep elf death mage looks as sick as possible!
The deep elf annihilator gestures at you while chanting.
The bolt of lightning hits you!!! x2
The deep elf death mage hits you but does no damage.
You closely miss the deep elf annihilator.
The deep elf annihilator is almost dead.
You slash the deep elf death mage!
The deep elf death mage looks as sick as possible!
A deep elf annihilator comes into view.
It is wielding a +2 long sword of venom.
The deep elf annihilator gestures at you while chanting.
The bolt of lightning hits you!
* * * LOW HITPOINT WARNING * * *
The bolt of lightning hits you!!!
* * * LOW HITPOINT WARNING * * *
You are too injured to fight recklessly!
Unknown command.
You feel better.
You block the deep elf death mage's attack.
The deep elf annihilator gestures wildly while chanting.
The deep elf annihilator blinks!
The deep elf annihilator casts a spell.
The deep elf annihilator blinks!
Unknown command.
You hit the deep elf death mage.
The deep elf death mage is severely wounded.
You block the deep elf death mage's attack.
Unknown command.
You hit the deep elf death mage.
The deep elf death mage looks as sick as possible!
The deep elf death mage is almost dead.
The deep elf annihilator gestures at you while chanting.
The crystal spear hits you!!!!
You die...

#.###......................#
.###..).....##.#.........###
#.#..#......##.#........##
....)[..........e......##
#[..##......##...###..##
..##.#......#....######
.####.#####.......## ####.#.#*
#..e..[))##
###.###.#*#....[@#).# ##)##
*#.##.##.e###[## #.##
*######.§..§e.. ..# ##*
###..#.#.# *** #.# #.###
#..#.#.# ***,* #.# #...###
#E##e# # ***,,,*
#.######.....#*####e# **#.,,,,*
..))<.##.#.....##*#.#*##...,,*,*
#.##)###,###.....##)##.....***,*


You could see 2 deep elf annihilators and a deep elf death mage (extremely
poisoned).

Vanquished Creatures
  2 deep elf blademasters (Elf:3)
  A deep elf master archer (Elf:3)
  4 deep elf sorcerers
  4 deep elf elementalists
  An orc warlord (Bailey)
  3 deep elf demonologists
  4 deep elf annihilators (Elf:3)
  The ghost of Goddom the Grappler, a journeyman TrFi of Cheibriados (Lair:3)
  5 deep elf death magi (Elf:3)
  An ettin (Orc:2)
  A shambling mangrove (Abyss:5)
  4 deep elf high priests (Elf:3)
  A boulder beetle (Lair:4)
  Erolcha (D:9)
  2 hydras (Lair:2)
  A rakshasa (Abyss:5)
  2 two-headed ogres
  23 dancing weapons
  Urug (Orc:2)
  6 thrashing horrors
  6 death yaks
  An orc high priest (Orc:2)
  17 deep elf knights
  12 deep elf archers
  A large abomination (Abyss:4)
  25 deep elf zephyrmancers
  25 deep elf pyromancers
  A manticore (D:9)
  6 orc knights
  2 ugly things
  A worldbinder (Abyss:5)
  A cyclops (Orc:1)
  5 orc sorcerers
  A salamander (D:12)
  2 black mambas
  3 ice statues (IceCv)
  Maurice (Orc:2)
  11 cane toads
  2 unseen horrors
  Psyche (D:9)
  Maggie (D:7)
  2 freezing wraiths
  6 komodo dragons
  3 rime drakes
  An ancient zyme (Abyss:4)
  2 entropy weaver simulacra (IceCv)
  2 trolls (Orc:2)
  A queen bee (Lair:2)
  A silent spectre (Abyss:4)
  A jumping spider (Lair:3)
  6 hornets
  A queen bee (shapeshifter) (Elf:3)
  Grinder (D:5)
  13 slime creatures
  A small abomination (Abyss:4)
  10 blink frogs
  A dream sheep (shapeshifter) (Elf:2)
  2 air elementals (Elf:3)
  3 water elementals
  A wraith (D:10)
  4 basilisks
  33 yaks
  3 wyverns
  A ynoxinul (Abyss:4)
  A neqoxec (Abyss:3)
  2 fire elementals
  2 steam dragons (D:7)
  2 acid dragons
  A warg (Orc:2)
  3 sky beasts
  17 water moccasins
  2 ice beasts
  41 orc warriors
  4 necrophages
  2 black bears
  6 ogres
  41 wolves
  13 centaurs
  2 elf zombies (Ossuary)
  2 kobold brigands
  12 bullfrogs
  A gnoll sergeant (D:10)
  A water moccasin zombie (D:5)
  A wyvern zombie (D:7)
  An earth elemental (Elf:1)
  3 scorpions
  A cane toad simulacrum (IceCv)
  A water moccasin skeleton (D:5)
  An elephant simulacrum (IceCv)
  23 killer bees (Lair:2)
  5 howler monkeys
  2 crimson imps (Abyss:3)
  6 centaur zombies
  2 hounds (D:6)
  A gnoll shaman (D:5)
  7 orc priests
  A human zombie (Ossuary)
  7 jellies
  An iron imp (D:6)
  A bullfrog skeleton (D:6)
  2 iguanas (D:5)
  17 orc wizards
  5 hell rats (Lair:3)
  3 wolf simulacra (IceCv)
  3 hound zombies (Ossuary)
  2 hound skeletons (D:5)
  4 mummies
  A howler monkey zombie (D:9)
  10 gnolls
  4 river rats (D:3)
  5 adders
  3 white imps (Abyss:3)
  An adder skeleton (D:4)
  4 adder zombies
  3 worms (D:3)
  5 dart slugs
  86 orcs
  2 bats
  8 endoplasms
  3 giant cockroaches
  A gnoll zombie (Ossuary)
  15 hobgoblins
  9 jackals
  20 kobolds
  6 quokkas
  7 ball pythons
  2 frilled lizards (D:2)
  23 goblins
  4 goblin zombies (Ossuary)
  3 jackal zombies (Ossuary)
  6 kobold zombies (Ossuary)
  2 orc zombies (Ossuary)
  3 quokka zombies (Ossuary)
  11 rats
  5 rat zombies (Ossuary)
799 creatures vanquished.

Vanquished Creatures (collateral kills)
  Rupert (D:12)
  Asterion (Elf:1)
  A deep elf master archer (Elf:3)
  Frances (Elf:1)
  Donald (Orc:2)
  A deep elf annihilator (Elf:1)
  A deep elf death mage (Elf:3)
  A hydra (Lair:4)
  3 deep elf knights (Elf:1)
  3 deep elf archers (Elf:1)
  4 deep elf pyromancers (Elf:1)
  4 deep elf zephyrmancers (Elf:1)
  2 slime creatures (Lair:3)
  An air elemental (Elf:1)
  A fire elemental (Elf:1)
  A death yak simulacrum (IceCv)
  2 wargs (Orc:2)
  2 orc warriors (Orc:2)
  An ogre (Orc:2)
  A cane toad simulacrum (IceCv)
  A jelly (Lair:3)
  An orc wizard (Orc:2)
  A wolf simulacrum (IceCv)
  7 orcs (Orc:2)
43 creatures vanquished.

Vanquished Creatures (others)
  A deep elf annihilator (Elf:3)
  A human (D:6)
  8 fungi
  30 plants
  4 starspawn tentacles
44 creatures vanquished.

Grand Total: 886 creatures vanquished

Notes
Turn   | Place    | Note
-------+----------+-------------------------------------------
     0 | D:1      | Htamos the Hill Orc Fighter began the quest for the Orb.
     0 | D:1      | Reached XP level 1. HP: 19/19 MP: 1/1
   105 | D:1      | Reached skill level 3 in Axes
   105 | D:1      | Reached XP level 2. HP: 27/27 MP: 2/2
   116 | D:1      | Found a faded altar of an unknown god.
   407 | D:1      | Reached XP level 3. HP: 25/33 MP: 3/3
  1712 | D:3      | Reached skill level 4 in Axes
  1712 | D:3      | Reached XP level 4. HP: 41/41 MP: 4/4
  1758 | D:3      | Reached XP level 5. HP: 40/47 MP: 5/5
  1761 | D:3      | Found a glowing drain.
  1771 | Sewer    | Entered a sewer
  2011 | Sewer    | Noticed a water moccasin
  2019 | Sewer    | Killed a water moccasin
  2020 | Sewer    | Reached skill level 5 in Fighting
  2020 | Sewer    | Reached skill level 5 in Axes
  2020 | Sewer    | Reached XP level 6. HP: 44/56 MP: 6/6
  3241 | D:5      | Entered Level 5 of the Dungeon
  3243 | D:5      | Noticed a yak
  3243 | D:5      | Noticed a yak
  3246 | D:5      | Noticed a yak
  3247 | D:5      | Noticed a yak
  3257 | D:5      | Killed a yak
  3258 | D:5      | Reached skill level 6 in Axes
  3266 | D:4      | Killed a yak
  3267 | D:4      | Reached XP level 7. HP: 39/64 MP: 7/7
  3270 | D:4      | Killed a yak
  3475 | D:4      | Killed a yak
  3476 | D:4      | Reached skill level 7 in Axes
  3476 | D:4      | Reached skill level 5 in Armour
  3476 | D:4      | Reached skill level 5 in Shields
  3476 | D:4      | Reached XP level 8. HP: 51/73 MP: 8/8
  3903 | D:5      | Noticed a wyvern
  3925 | D:5      | Killed a wyvern
  3948 | D:5      | Reached skill level 8 in Axes
  3975 | D:5      | Noticed Grinder
  3981 | D:5      | Paralysed by Grinder for 6 turns
  3998 | D:5      | Killed Grinder
  4456 | D:5      | Reached skill level 9 in Axes
  4456 | D:5      | Reached XP level 9. HP: 74/82 MP: 9/9
  4929 | D:5      | Noticed a two-headed ogre
  4995 | D:5      | Killed a two-headed ogre
  4996 | D:5      | Reached skill level 10 in Axes
  5700 | D:5      | Found a shadowy altar of Dithmenos.
  5792 | D:6      | Found a snail-covered altar of Cheibriados.
  5805 | D:6      | Reached skill level 10 in Fighting
  5870 | D:6      | Found an ancient bone altar of Kikubaaqudgha.
  6058 | D:6      | Found a glowing silver altar of Zin.
  6182 | D:6      | Reached XP level 10. HP: 93/93 MP: 10/10
  6318 | D:6      | Found Imet's Book Shoppe.
  6416 | D:6      | Reached skill level 11 in Axes
  6677 | D:6      | Found a staircase to the Ecumenical Temple.
  6905 | Temple   | Entered the Ecumenical Temple
  6928 | Temple   | Became a worshipper of the Shining One
  7142 | D:7      | Noticed Maggie
  7256 | D:7      | Killed Maggie
  7363 | D:7      | Found a sand-covered staircase.
  7369 | Ossuary  | Entered an ossuary
  7382 | Ossuary  | Reached * piety under the Shining One
  7415 | Ossuary  | Reached ** piety under the Shining One
  7577 | Ossuary  | Reached *** piety under the Shining One
  8575 | D:8      | Reached skill level 12 in Axes
  8812 | D:8      | Found a staircase to the Lair.
  9001 | D:9      | Noticed a manticore
  9020 | D:9      | Killed a manticore
  9320 | D:9      | Noticed Erolcha
  9322 | D:9      | Noticed Psyche
  9538 | D:9      | Reached **** piety under the Shining One
  9543 | D:9      | Reached XP level 11. HP: 104/104 MP: 11/11
  9594 | D:9      | Killed Erolcha
  9595 | D:9      | Reached skill level 13 in Axes
  9727 | D:9      | Killed Psyche
  9825 | D:9      | Found Sutikkut's Weapon Shop.
  9826 | D:9      | Found a transporter.
  9833 | D:9      | Found a transporter.
  9840 | D:9      | Found a roughly hewn altar of Beogh.
  9840 | D:9      | Noticed a two-headed ogre
 10052 | D:10     | Entered Level 10 of the Dungeon
 10156 | D:10     | Found Zimukhle's Jewellery Shoppe.
 10165 | D:10     | Bought a ring of see invisible for 180 gold pieces
 10271 | D:10     | Noticed a two-headed ogre
 10273 | D:10     | Gained mutation: You are weak. (Str -2) [potion of
                  | mutation]
 10273 | D:10     | Gained mutation: You are dopey. (Int -2) [potion of
                  | mutation]
 10273 | D:10     | Gained mutation: Your movements are slightly less
                  | encumbered by armour. (ER -2) [potion of mutation]
 10284 | D:10     | Killed a two-headed ogre
 10764 | D:10     | You fall into a shaft and drop 1 floor!
 10775 | D:11     | Paralysed by a hornet for 1 turns
 10779 | D:11     | Reached skill level 1 in Invocations
 11203 | D:11     | Found a stormy altar of Qazlal.
 11259 | D:11     | Noticed a cyan ugly thing
 11273 | D:11     | Killed a cyan ugly thing
 11274 | D:11     | Reached skill level 14 in Axes
 11606 | D:11     | Found a staircase to the Orcish Mines.
 11982 | D:12     | Reached ***** piety under the Shining One
 12052 | D:12     | Reached XP level 12. HP: 88/115 MP: 14/14
 12184 | D:12     | Noticed Rupert
 12184 | D:12     | Paralysed by Rupert for 2 turns
 12212 | D:12     | Killed Rupert
 12403 | D:12     | Found a flagged portal.
 12406 | D:12     | Noticed Sonja
 12407 | D:12     | Noticed Sonja
 12407 | D:12     | Sonja changed into Sonja the salamander
 12414 | D:12     | Killed Sonja the salamander
 12416 | D:12     | Noticed an eight-headed hydra
 12417 | Bailey   | Entered a bailey
 12821 | Bailey   | Noticed an orc warlord
 12844 | Bailey   | Killed an orc warlord
 12845 | Bailey   | Reached skill level 15 in Axes
 12916 | Bailey   | Got the Tome of the Damaging Mountains
 12940 | Bailey   | Acquired the +4 kite shield of Understanding {Drain rF+ rC+
                  | rN+}
 12954 | Bailey   | Reached skill level 15 in Fighting
 12954 | Bailey   | Reached skill level 16 in Axes
 12954 | Bailey   | Reached XP level 13. HP: 109/126 MP: 15/18
 13581 | Lair:1   | Entered Level 1 of the Lair of Beasts
 14573 | Lair:2   | Reached skill level 10 in Armour
 14576 | Lair:2   | Reached skill level 10 in Shields
 14822 | Lair:2   | Found a transporter.
 15090 | Lair:2   | Reached XP level 14. HP: 136/136 MP: 20/20
 15295 | Lair:3   | Reached skill level 17 in Axes
 15821 | Lair:2   | Found a staircase to the Shoals.
 16006 | Lair:2   | Found a transporter.
 16007 | Lair:2   | Noticed bgiannan's ghost (journeyman HOFi)
 16011 | Lair:2   | Found a bloodstained altar of Trog.
 17170 | Lair:3   | Found a hole to the Spider Nest.
 17327 | Lair:3   | Found a runed translucent gate.
 17327 | Lair:3   | Found a runed translucent gate.
 17329 | Lair:3   | Found a runed translucent gate.
 17330 | Lair:3   | Noticed Goddom's ghost (journeyman TrFi)
 17335 | Lair:3   | Found a viscous altar of Jiyva.
 17347 | Lair:3   | Killed Goddom's ghost
 18025 | Lair:4   | Reached skill level 18 in Axes
 18271 | Lair:4   | Reached skill level 10 in Invocations
 18576 | Lair:4   | Found a runed translucent door.
 18980 | Lair:5   | Found a frozen archway.
 18991 | IceCv    | Entered an ice cave
 19616 | IceCv    | Identified the ring of Division {rPois Will+ Str-2 Dex+3
                  | Slay+5}
 19777 | Lair:5   | Found a staircase to the Slime Pits.
 20143 | Orc:1    | Entered Level 1 of the Orcish Mines
 20602 | Orc:2    | Entered Level 2 of the Orcish Mines
 20602 | Orc:2    | Noticed Maurice
 20612 | Orc:2    | Reached XP level 15. HP: 103/147 MP: 22/22
 20720 | Orc:2    | Reached skill level 19 in Axes
 20908 | Orc:2    | Found a staircase to the Elven Halls.
 20911 | Orc:2    | Found Hegofret's Antique Armour Shoppe.
 20918 | Orc:2    | Noticed Donald
 20928 | Orc:2    | Killed Donald
 20970 | Orc:2    | Found a roughly hewn altar of Beogh.
 21001 | Orc:2    | Bought a runed plate armour for 676 gold pieces
 21001 | Orc:2    | Bought a runed plate armour for 676 gold pieces
 21092 | Orc:2    | Killed Maurice
 21136 | Orc:2    | Noticed Urug
 21150 | Orc:2    | Killed Urug
 21471 | Orc:2    | Found Inavuw's Antique Armour Shoppe.
 21471 | Orc:2    | Found Use Hak's Antique Weapon Boutique.
 21473 | Orc:2    | Found Meoniah's Magic Scroll Shop.
 21475 | Orc:2    | Found Fotruw's Antique Armour Emporium.
 21490 | Orc:2    | Bought a runed broad axe for 147 gold pieces
 21569 | Elf:1    | Entered Level 1 of the Elven Halls
 21588 | Elf:1    | Reached skill level 20 in Axes
 21782 | Elf:1    | Noticed Asterion
 21815 | Elf:1    | Noticed an Executioner
 21817 | Elf:1    | Killed Asterion
 21956 | Elf:1    | Paralysed by an air elemental for 1 turns
 22037 | Elf:1    | Reached skill level 21 in Axes
 22293 | Elf:1    | Noticed Frances
 22301 | Elf:1    | Killed Frances
 22302 | Elf:1    | Reached XP level 16. HP: 159/159 MP: 13/24
 22584 | Elf:1    | Got the Guide on Supportive Conjuration
 22684 | Elf:2    | Identified the +1 cloak of Nihilism {Contam Str+6 Dex+5}
 22897 | Elf:2    | Found a runed translucent gate.
 22899 | Elf:2    | Found a runed translucent gate.
 22900 | Elf:2    | Found a runed translucent gate.
 23136 | Elf:2    | Reached skill level 22 in Axes
 23942 | Elf:2    | Reached skill level 23 in Axes
 24009 | Elf:3    | Entered Level 3 of the Elven Halls
 24066 | Elf:3    | Noticed an Executioner
 24070 | Elf:3    | Noticed a Hell Sentinel
 24493 | Elf:3    | Reached XP level 17. HP: 137/169 MP: 26/26
 24740 | Elf:3    | Reached ****** piety under the Shining One
 24741 | Elf:3    | Paralysed by an air elemental for 1 turns
 25050 | Elf:3    | Noticed a deep elf blademaster
 25054 | Elf:3    | Reached skill level 15 in Shields
 25054 | Elf:3    | Noticed a deep elf blademaster
 25057 | Elf:3    | Noticed a deep elf master archer
 25064 | Elf:3    | Killed a deep elf blademaster
 25073 | Elf:3    | Noticed a deep elf master archer
 25073 | Elf:3    | Noticed an Ice Fiend
 25073 | Elf:3    | Noticed Bai Suzhen
 25074 | Elf:3    | Noticed a Brimstone Fiend
 25095 | Elf:3    | Killed a deep elf blademaster
 25171 | Elf:3    | Killed a ghostly deep elf blademaster
 25274 | Elf:3    | Identified the amulet of Dishonesty {Faith rC+ Int-5 Dex+6}
 25285 | Elf:3    | Cast into level 2 of the Abyss (a deep elf sorcerer)
 25344 | Abyss:2  | Noticed a tentacled starspawn
 25366 | Abyss:3  | Noticed a tentacled starspawn
 25391 | Abyss:3  | Gained mutation: You are very weak. (Str -4) [a neqoxec]
 25403 | Abyss:3  | Gained mutation: You occasionally shout uncontrollably at
                  | your foes. [a neqoxec]
 25417 | Abyss:3  | Gained mutation: You are very dopey. (Int -4) [a neqoxec]
 25602 | Abyss:5  | Entered Level 5 of the Abyss
 25640 | Abyss:5  | Noticed a tentacled starspawn
 25660 | Elf:3    | Escaped the Abyss
 25667 | Elf:3    | Reached skill level 24 in Axes
 25677 | Elf:3    | Killed a deep elf master archer
 25689 | Elf:3    | Killed a deep elf master archer
 25704 | Elf:3    | Noticed an Executioner
 26017 | Elf:3    | Killed from afar by a deep elf annihilator

Illustrated notes

Levels and vault maps discovered:
D:1:      dpeg_arrival_rhombi, layout_basic, hellmonk_ecumenical_altar_lost_god
D:2:      layout_basic
D:3:      layout_basic, lightli_sewer_entry_pipes
D:4:      layout_gridville
D:5:      minmay_thinvault, layout_cave_pools, lemuel_coloured_pillars_altar,
          minmay_misc_feat_five, grunt_decor_one_mirror, uniq_grinder
D:6:      layout_loops_corners, zin_treasury, slow_altar_1, tgw_kikubaaqudgha,
          temple_doors_cd, serial_shops, nicolae_shop_behind_doors
D:7:      layout_cave_pools, gup_ossuary_entry_pyramid, dk_rats_in_the_wall,
          uniq_maggie
D:8:      layout_basic, david_lair_shrubbed
D:9:      gammafunk_beogh_shrine, layout_cave_pools, serial_shops, shop,
          uniq_erolcha, uniq_psyche
D:10:     layout_grid_maze, serial_shops, shop, dk_vineyard_2
D:11:     layout_roguey, hiddenorc1_lemuel, grunt_qazlal_sundering
D:12:     kennysheep_four_of_diamonds, layout_rooms, serial_bayou,
          serial_bayou_pond_e, serial_bayou_crossing, serial_bayou_pond_b,
          serial_bayou_ford_a, enter_bailey_6, uniq_rupert, uniq_sonja
Temple:   regret_index_temple_mists
Lair:1:   layout_loops_ring, grunt_megastairs_1, serial_bayou_shore_b,
          serial_bayou_shore_a, lemuel_fruit_tree
Lair:2:   nzn_winding_woodlands_cross [nzn_winding_woodlands_5x15_default,
          nzn_winding_woodlands_5x15_cabin, nzn_winding_woodlands_5x15_parted,
          nzn_winding_woodlands_5x15_pockets,
          nzn_winding_woodlands_15x15_killbox], layout_gridlike,
          elwin_shoals_entry_rocks, gammafunk_ghost_wrathful_warriors,
          special_room [special_room_bee], grunt_forest_large_clearings,
          infiniplex_staircase_pool_2
Lair:3:   layout_cave_shapes, spider_nest_entry_rubble, gammafunk_ghost_ooze
Lair:4:   layout_long_grid, pf_torpor_hydra
Lair:5:   layout_loops_ring, minmay_slime_entry_pillars,
          portal_ice_cave_entry_pillars_2
Orc:1:    nicolae_orc_accident_3, layout_caves
Orc:2:    st_orc_rangers, layout_caves, serial_shops,
          nicolae_shop_advertising_works [nicolae_subvault_shop_adworks],
          minmay_orc_temple_b, uniq_maurice, uniq_urug, uniq_donald
Elf:1:    eino_elf_arrival_customs, layout_gridlike, minmay_elf_sorcery,
          uniq_asterion, uniq_frances
Elf:2:    nicolae_elf_blades_splatter_lattice [nicolae_blade_entry_antechamber],
          layout_onion_city, corexii_leaking_fountain,
          statue_in_the_mist_lemuel, hangedman_glass_teeth
Elf:3:    elf_hall, layout_rooms, minmay_the_grid_2x2 [minmay_the_grid_spikes,
          minmay_the_grid_paths, minmay_the_grid_x,
          minmay_the_grid_prize_inner_circle], uniq_bai_suzhen

Skill      XL: |  1  2  3  4  5  6  7  8  9 10 11 12 13 14 15 16 17 |
---------------+----------------------------------------------------+-----
Axes           | 3 4 5 6 7 9 10 12 14 16 18 21 23 24 | 24.2
Fighting       | 4 5 6 7 8 10 11 13 15 17 18 19 20 | 20.6
Armour         | 4 5 6 8 9 10 11 12 13 | 13.6
Shields        | 4 5 6 8 9 10 11 13 14 15 | 15.7
Invocations    | 3 7 8 10 11 13 | 13.9

Action                   |  1- 3 |  4- 6 |  7- 9 | 10-12 | 13-15 | 16-18 || total
-------------------------+-------+-------+-------+-------+-------+-------++-------
Melee: War axe           |    93 |    94 |   221 |    80 |       |       ||   488
       Broad axe         |       |       |       |   454 |   803 |   577 ||  1834
Invok: Divine Shield     |       |       |       |     3 |     5 |     1 ||     9
       Summon Divine War |       |       |       |     1 |     5 |     3 ||     9
       Cleansing Flame   |       |       |       |       |     2 |       ||     2
Evoke: Wand              |       |     8 |       |    13 |     5 |     9 ||    35
       Phantom mirror    |       |       |       |     1 |     3 |     2 ||     6
       Box of beasts     |       |       |       |       |     4 |       ||     4
  Use: Scroll            |     4 |     1 |     6 |    17 |    14 |     5 ||    47
       Potion            |       |     2 |     8 |    13 |     6 |     7 ||    36
 Stab: Invisible         |       |       |     1 |       |       |       ||     1
Armor: Scale mail        |    33 |       |       |       |       |       ||    33
       Chain mail        |    12 |    32 |    62 |   241 |   388 |       ||   735
       Skin              |       |       |    27 |     9 |    19 |       ||    55
       Plate armour      |       |       |       |       |    70 |   267 ||   337
Dodge: Dodged            |    46 |    54 |    66 |   152 |   191 |    87 ||   596
Block: Buckler           |    20 |    19 |    42 |   127 |       |       ||   208
       Kite shield       |       |       |       |       |   680 |   402 ||  1082

Table legend: (Time is in decaauts)
 A = Elapsed time spent in this place.
 B = Non-inter-level travel time spent in this place.
 C = Inter-level travel time spent in this place.
 D = Time resting spent in this place.
 E = Time spent auto-exploring this place.
 F = Levels seen in this place.
 G = Mean time per level.
                   A        B        C        D        E       F      G
               +--------+--------+--------+--------+--------+-----+--------+
         Total |  25763 |  24373 |   1390 |   3942 |  14205 |  31 |  831.1 |
       Dungeon |  12531 |  11673 |    858 |   1915 |   7651 |  12 | 1044.2 |
        Temple |     50 |     31 |     19 |      0 |     15 |   1 |   50.0 |
          Lair |   5711 |   5504 |    207 |    475 |   4139 |   5 | 1142.2 |
  Orcish Mines |   1387 |   1319 |     68 |     87 |    786 |   2 |  693.5 |
   Elven Halls |   3904 |   3667 |    237 |    638 |   1309 |   3 | 1301.3 |
         Abyss |    342 |    342 |      0 |     27 |     11 |   4 |   85.5 |
         Sewer |    373 |    373 |      0 |    179 |    147 |   1 |  373.0 |
       Ossuary |    276 |    276 |      0 |      0 |    146 |   1 |  276.0 |
        Bailey |    531 |    531 |      0 |    191 |      0 |   1 |  531.0 |
      Ice Cave |    655 |    655 |      0 |    429 |      0 |   1 |  655.0 |
               +--------+--------+--------+--------+--------+-----+--------+

Top non-repeatable levels by time:
     D:5: 2184 daAuts
  Lair:2: 1759 daAuts
   Elf:2: 1610 daAuts
  Lair:3: 1373 daAuts
  Lair:4: 1361 daAuts
     D:6: 1350 daAuts
     D:8: 1334 daAuts
   Elf:3: 1248 daAuts
    D:11: 1140 daAuts
   Elf:1: 1045 daAuts
    D:10: 1029 daAuts
  Lair:1: 1012 daAuts
     D:4: 967 daAuts
     D:1: 853 daAuts
     D:2: 842 daAuts
